 Dungeon Crawl Stone Soup version 0.22-a0-880-gb7b0c8b (webtiles) character file.

91 Kuinu the Grasshopper (level 4, -1/38 HPs)
             Began as a Draconian Warper on July 30, 2018.
             Slain by an orc priest
             ... wielding a +0 trident
              (12 damage)
             ... on level 2 of the Dungeon.
             The game lasted 00:06:43 (1731 turns).

Kuinu the Grasshopper (Draconian Warper)            Turns: 1731, Time: 00:06:43

Health: -1/38      AC:  7    Str: 15    XL:     4   Next: 34%
Magic:  5/7        EV: 12    Int: 13    God:
Gold:   111        SH:  0    Dex: 10    Spells: 3/7 levels left

rFire    . . .     SeeInvis +   a - +0 falchion
rCold    . . .     Gourm    .   (no shield)
rNeg     . . .     Faith    .   (armour unavailable)
rPois    .         Spirit   .   (helmet restricted)
rElec    .         Reflect  .   m - +0 cloak
rCorr    .         Harm     +   b - +0 pair of gloves
MR       .....                  (no boots)
Stlth    +.........             k - amulet of harm
HPRegen  0.12/turn              j - ring of see invisible
MPRegen  0.10/turn              (no ring)

@: no status effects
A: unfitting armour, cold-blooded, AC +5
a: no special abilities


You were on level 2 of the Dungeon.
You were hungry.

You visited 1 branch of the dungeon, and saw 2 of its levels.

You collected 111 gold pieces.

Inventory:

Hand Weapons
 a - a +0 falchion (weapon)
 p - a +1 spear of venom
Missiles
 d - 5 tomahawks of dispersal (quivered)
Armour
 b - a +0 pair of gloves (worn)
 m - a +0 cloak (worn)
Jewellery
 j - a ring of see invisible (left hand)
 k - an amulet of harm (around neck)
Scrolls
 c - a scroll of blinking
 e - a scroll of magic mapping
 g - 2 scrolls of teleportation {unknown}
 h - a scroll of amnesia
 i - a scroll of random uselessness {unknown}
 l - 3 scrolls of remove curse {unknown}
 n - a scroll of identify {unknown}
 q - a scroll of immolation {unknown}
Potions
 o - a potion of haste
Comestibles
 f - 4 rations
 r - a chunk of flesh


   Skills:
 * Level 3.1 Fighting
 * Level 3.0 Long Blades
 - Level 0.8 Throwing
 + Level 2.6 Dodging
 + Level 2.4 Spellcasting
 * Level 3.4 Translocations


You had 3 spell levels left.
You knew the following spells:

 Your Spells              Type           Power        Failure   Level  Hunger
a - Shroud of Golubria    Chrm/Tloc      #.........   19%         2    ###....
b - Blink                 Tloc           N/A          9%          2    ###....

Your spell library contained the following spells:

 Spells                   Type           Power        Failure   Level  Hunger
 Teleport Other           Tloc           ##......     19%         3    ###....
 Passage of Golubria      Tloc           N/A          52%         4    #####..
 Gell's Gravitas          Tloc           ##........   19%         3    ###....
 Lesser Beckoning         Tloc           ##........   19%         3    ###....


Dungeon Overview and Level Annotations

Branches:
Dungeon (2/15)

Altars:
Lugonu

Portals:
Abyss: D:1


Innate Abilities, Weirdness & Mutations

Your plain brown scales are hard. (AC +5)
You cannot fit into any form of body armour.
You are cold-blooded and may be slowed by cold attacks.


Message History

The orc priest closely misses you.
You closely miss the orc priest.
The orc priest is severely wounded.
The orc priest hits you but does no damage.
You hit the orc priest but do no damage.
You tail-slap the orc priest.
The orc priest is almost dead.
The orc priest calls down the wrath of Beogh upon you.
Beogh smites you! The orc priest hits you with a trident!
* * * LOW HITPOINT WARNING * * *
Your shroud falls apart!
An orc priest is nearby!
Unknown command.
You closely miss the orc priest.
The orc priest is almost dead.
The orc priest hits you but does no damage.
You closely miss the orc priest.
The orc priest is almost dead.
The orc priest hits you with a trident!
You die...

### ### ... ..# ..# #.# #.# #o#
#.# #@# #.# #)# #.# #.#######
###### #.# ############.##....#
#....#
#.###..........#.##....#####....#
.........................>##....#
#.#.#.##.........########.##....#
#.#.#.##.##......# #.##....#
....#.##.#<......### #.##....#


You could see an orc priest.

Vanquished Creatures
  An orc wizard (D:2)
  An adder (D:2)
  3 worms (D:2)
  A dart slug (D:1)
  5 orcs (D:2)
  2 giant cockroaches (D:1)
  5 hobgoblins
  2 quokkas (D:2)
  2 bats
  7 goblins
  3 kobolds
  6 rats
38 creatures vanquished.

Notes
Turn   | Place    | Note
-------+----------+-------------------------------------------
     0 | D:1      | Kuinu the Draconian Warper began the quest for the Orb.
     0 | D:1      | Reached XP level 1. HP: 17/17 MP: 3/3
    72 | D:1      | Reached XP level 2. HP: 22/25 MP: 5/5
    91 | D:1      | Learned a level 2 spell: Shroud of Golubria
    94 | D:1      | Learned a level 2 spell: Blink
   549 | D:1      | Found a one-way gate to the infinite horrors of the Abyss.
   549 | D:1      | Found a corrupted altar of Lugonu.
   549 | D:1      | Noticed a demonic crawler
   552 | D:1      | Noticed a demonic crawler
  1008 | D:2      | Reached XP level 3. HP: 30/30 MP: 6/6
  1113 | D:2      | Reached XP level 4. HP: 3/38 MP: 3/7
  1731 | D:2      | Slain by an orc priest

Vault maps used:
D:1:      erik_arrival_cave_to_civilisation
D:2:      nicolae_overflow_hidden_temple, first_ration

Skill      XL: |  1  2  3  4 |
---------------+-------------+-----
Fighting       | 3 |  3.1
Long Blades    | 3 |  3.0
Throwing       | |  0.8
Dodging        | |  2.6
Spellcasting   | |  2.4
Translocations | |  3.4

Action                   |  1- 3 |  4- 6 || total
-------------------------+-------+-------++-------
Melee: Falchion          |   101 |    35 ||   136
       Tailslap          |     9 |     5 ||    14
 Cast: Shroud of Golubri |     5 |     6 ||    11
  Use: Scroll            |     2 |       ||     2
       Potion            |     2 |       ||     2
 Stab: Sleeping          |     1 |     1 ||     2
  Eat: Chunk             |     1 |     2 ||     3
Armor: Skin              |    25 |     9 ||    34
Dodge: Dodged            |    78 |    14 ||    92
       Rpst.: Falchion   |    23 |     1 ||    24

Table legend:
 A = Spawn XP
 B = Non-spawn XP
 C = Spawn XP percentage of total XP
 D = Spawn monster count
 E = Non-spawn monster count
 F = Spawn count percentage of total count
 G = Total turns spent on level
                    A         B        C        D         E        F      G
               +---------+---------+-------+---------+---------+-------+---------
         Total |       0 |     131 |   0.0 |       0 |      38 |   0.0 |  1731
               +---------+---------+-------+---------+---------+-------+---------
           D:1 |       0 |      24 |   0.0 |       0 |      13 |   0.0 |   832
           D:2 |       0 |     107 |   0.0 |       0 |      25 |   0.0 |   899
               +---------+---------+-------+---------+---------+-------+---------
